 Dungeon Crawl Stone Soup version 0.24.0-125-gc4c63601f3 (webtiles) character file.

Game seed: 8942423751874370577, levelgen mode: deterministic

665320 Johnny the Sorcerer (level 27, -19/188 HPs)
             Began as a Deep Elf Earth Elementalist on Feb 18, 2020.
             Was the Champion of Dithmenos.
             Demolished by Zugefi the pandemonium lord (36 damage)
             ... on level 11 of a ziggurat on Feb 19, 2020.
             The game lasted 02:52:53 (75406 turns).

Johnny the Sorcerer (Deep Elf Earth Elementalist)  Turns: 75406, Time: 02:52:54

Health: -19/188    AC: 17    Str:  8 (9)  XL:     27
Magic:  30/55      EV: 25    Int: 41 (46) God:    Dithmenos [******]
Gold:   1483       SH:  0    Dex: 16 (19) Spells: 41/78 levels left

rFire    + + +     SeeInvis .   X - staff of earth
rCold    + + +     Gourm    .   (no shield)
rNeg     + + .     Faith    .   t - +2 robe {Archmagi}
rPois    +         Spirit   .   p - +2 hat {Int+3}
rElec    +         Reflect  .   P - scarf {rC+ rF+}
rCorr    +         Harm     .   e - +1 pair of gloves "Adecoage" {Dex+4}
MR       +++..     Rnd*Rage +   S - +2 pair of boots of Snakes and Ladders {rElec Str+4}
Stlth    ++++......             G - amulet of Trog's Righteous Anger {*Drain rPois Regen+ Int+7}
HPRegen  0.81/turn              A - ring "Pimer" {rF+ rC+ rN+ MR+}
MPRegen  0.34/turn              w - ring "Irhelyge" {+Inv rElec rC+ rN+ Int+2}

@: resistant, very slightly contaminated, wreathed by umbra, studying
Spellcasting
A: talons 1, yellow scales 3, berserk 1, wild magic 1, no potion heal 1
}: 4/15 runes: serpentine, barnacled, slimy, silver
a: Shadow Step, Shadow Form, Renounce Religion, Evoke Invisibility


You were on level 11 of a ziggurat.
You worshipped Dithmenos.
Dithmenos was exalted by your worship.
You were completely stuffed.

You visited 10 branches of the dungeon, and saw 50 of its levels.
You visited the Abyss 1 time.
You visited 1 bazaar.
You visited 1 ziggurat, and saw 11 of its levels.
You also visited: Trove, Sewer, Gauntlet and Ice Cave.

You collected 7898 gold pieces.
You spent 6415 gold pieces at shops.

Inventory:

Missiles
 b - 1275 stones (quivered)
Armour
 e - the +1 pair of gloves "Adecoage" (worn) {Dex+4}
   (You found it on level 1 of the Elven Halls)

   It affects your dexterity (+4).
 p - a +2 hat of intelligence (worn)
 t - a +2 robe of the Archmagi (worn)
 P - a scarf of resistance (worn)
 S - the +2 pair of boots of Snakes and Ladders (worn) {rElec Str+4}
   (You found it on level 3 of the Elven Halls)

   It affects your strength (+4).
   It insulates you from electricity.
Magical Staves
 y - an uncursed staff of energy
 L - an uncursed staff of power
 X - an uncursed staff of earth (weapon)
Jewellery
 w - the ring "Irhelyge" (right hand) {+Inv rElec rC+ rN+ Int+2}
   (You bought it in a shop on level 2 of the Shoals)

   [ring of intelligence]

   It affects your intelligence (+2).
   It protects you from cold.
   It insulates you from electricity.
   It protects you from negative energy.
   It lets you turn invisible.
 A - the ring "Pimer" (left hand) {rF+ rC+ rN+ MR+}
   (You found it in a treasure trove)

   [ring of protection from fire]

   It protects you from fire.
   It protects you from cold.
   It protects you from negative energy.
   It affects your resistance to hostile enchantments.
 F - the amulet "Xidi" {Harm *Drain rPois rC+ rN+ Str-4 Dex+3}
   (You found it in a treasure trove)

   [amulet of harm]

   It increases damage dealt and taken.
   It affects your strength (-4).
   It affects your dexterity (+3).
   It protects you from cold.
   It protects you from poison.
   It protects you from negative energy.
   It causes draining when unequipped.
 G - the amulet of Trog's Righteous Anger (around neck) {*Drain rPois Regen+ Int+7}
   (You found it in a treasure trove)

   [amulet of regeneration]

   It affects your intelligence (+7).
   It protects you from poison.
   It increases your rate of regeneration.
   It causes draining when unequipped.
 H - an uncursed amulet of magic regeneration
 N - a +2 ring of protection
 Z - an uncursed ring of magical power
Wands
 v - a wand of digging (19)
 K - a wand of acid (3)
 W - a wand of clouds (1)
Scrolls
 c - a scroll of summoning
 f - 8 scrolls of immolation
 i - 29 scrolls of remove curse
 m - 9 scrolls of enchant armour
 q - 8 scrolls of fog
 r - 13 scrolls of teleportation
 s - 5 scrolls of fear
 M - 2 scrolls of vulnerability
 O - 5 scrolls of magic mapping
 U - 2 scrolls of holy word
Potions
 a - a potion of magic
 g - 13 potions of flight
 h - 15 potions of curing
 j - 12 potions of might
 k - a potion of heal wounds
 o - 13 potions of lignification
 u - 10 potions of mutation
 x - 6 potions of berserk rage
 z - 6 potions of invisibility
 B - 4 potions of cancellation
 D - 6 potions of brilliance
 J - 9 potions of ambrosia
 R - 7 potions of haste
 T - 5 potions of resistance
Books
 l - a manual of Spellcasting
Miscellaneous
 n - 4 sacks of spiders
 C - a lamp of fire (inert)
 E - a lightning rod (3/4)
 I - 6 boxes of beasts
 Q - a phial of floods
 Y - a phantom mirror
Comestibles
 d - 46 rations


   Skills:
 + Level 23.4 Fighting
 - Level 12.0 Armour
 - Level 17.1 Dodging
 - Level 2.4 Stealth
 + Level 26.2 Spellcasting
 + Level 12.0 Conjurations
 - Level 10.5 Necromancy
 - Level 15.1 Translocations
 - Level 1.1 Transmutations
 - Level 24.6 Earth Magic
 - Level 14.5 Invocations


You had 41 spell levels left.
You knew the following spells:

 Your Spells              Type           Power        Failure   Level  Hunger
a - Sandblast             Erth           ######       1%          1    None
b - Stone Arrow           Conj/Erth      ######       1%          3    None
c - Lee's Rapid Deconstr  Erth           #########.   1%          5    None
d - Petrify               Tmut/Erth      ########     1%          4    None
e - Bolt of Magma         Conj/Fire/Erth #########.   1%          5    None
f - Blink                 Tloc           N/A          1%          2    None
g - Sublimation of Blood  Necr           ########..   1%          2    None
h - Shatter               Erth           #########.   2%          9    None
o - Iron Shot             Conj/Erth      #########.   1%          6    None

Your spell library contained the following spells:

 Spells                   Type           Power        Failure   Level  Hunger
 Animate Skeleton         Necr           N/A          1%          1    None
 Apportation              Tloc           ######       1%          1    None
 Beastly Appendage        Tmut           ######       1%          1    None
 Confusing Touch          Hex            ######       1%          1    None
 Corona                   Hex            #######      1%          1    None
 Flame Tongue             Conj/Fire      #####        1%          1    None
 Magic Dart               Conj           ####         1%          1    None
 Shock                    Conj/Air       ####         1%          1    None
 Sting                    Conj/Pois      ####         1%          1    None
 Summon Butterflies       Summ           #######.     1%          1    None
 Summon Small Mammal      Summ           ####         1%          1    None
 Call Imp                 Summ           #######.     1%          2    None
 Corpse Rot               Necr           N/A          1%          2    None
 Ensorcelled Hibernation  Hex/Ice        ######       1%          2    None
 Passwall                 Tmut/Erth      ########     1%          2    None
 Poisonous Vapours        Pois/Air       ######       1%          2    None
 Searing Ray              Conj           ######       1%          2    None
 Slow                     Hex            #######.     1%          2    None
 Sticks to Snakes         Tmut           #######.     1%          2    None
 Swiftness                Chrm/Air       #######.     1%          2    None
 Throw Flame              Conj/Fire      ######       1%          2    None
 Throw Frost              Conj/Ice       ######       1%          2    None
 Confuse                  Hex            #######.     1%          3    None
 Conjure Flame            Conj/Fire      ########     1%          3    None
 Dazzling Spray           Conj/Hex       ######       1%          3    None
 Gell's Gravitas          Tloc           ########..   1%          3    None
 Ignite Poison            Fire/Tmut/Pois #######.     1%          3    None
 Inner Flame              Hex/Fire       #######.     1%          3    None
 Lesser Beckoning         Tloc           ########..   1%          3    None
 Mephitic Cloud           Conj/Pois/Air  ########     1%          3    None
 Portal Projectile        Hex/Tloc       ######       1%          3    None
 Recall                   Summ/Tloc      N/A          1%          3    None
 Spider Form              Tmut/Pois      #######...   1%          3    None
 Static Discharge         Conj/Air       ########     1%          3    None
 Tukima's Dance           Hex            #######.     1%          3    None
 Force Lance              Conj/Tloc      ########     1%          4    None
 Fulminant Prism          Conj/Hex       ########..   1%          4    None
 Iskenderun's Mystic Bla  Conj           ########     1%          4    None
 Leda's Liquefaction      Hex/Erth       #########.   1%          4    None
 Passage of Golubria      Tloc           N/A          1%          4    None
 Sticky Flame             Conj/Fire      ########     1%          4    None
 Throw Icicle             Conj/Ice       ########     1%          4    None
 Agony                    Necr           ########     1%          5    None
 Bolt of Draining         Conj/Necr      ########..   1%          5    None
 Dispel Undead            Necr           ########     1%          5    None
 Fireball                 Conj/Fire      ########..   1%          5    None
 Irradiate                Conj/Tmut      ########..   1%          5    None
 Iskenderun's Battlesphe  Conj/Chrm      ########     1%          5    None
 Lightning Bolt           Conj/Air       ########..   1%          5    None
 Venom Bolt               Conj/Pois      ########..   1%          5    None
 Excruciating Wounds      Chrm/Necr      ########..   2%          5    None
 Orb of Destruction       Conj           ########..   3%          7    None
 Ice Form                 Ice/Tmut       #######.     4%          4    None
 Airstrike                Air            #######...   5%          4    None
 Cause Fear               Hex            #######...   5%          4    None
 Olgreb's Toxic Radiance  Pois           #######.     5%          4    None
 Summon Ice Beast         Ice/Summ       #######.     5%          4    None
 Summon Lightning Spire   Summ/Air       #######.     5%          4    None
 Bolt of Fire             Conj/Fire      ########..   7%          6    None
 Disjunction              Tloc           ########..   7%          8    None
 Blade Hands              Tmut           #######...   9%          5    None
 Simulacrum               Ice/Necr       ########..   9%          6    None
 Alistair's Intoxication  Tmut/Pois      #######.     11%         5    None
 Freezing Cloud           Conj/Ice/Air   ########..   14%         6    None
 Malign Gateway           Summ/Tloc      ########..   17%         7    None
 Spellforged Servitor     Conj/Summ      ########..   30%         7    None
 Borgnjor's Revivificati  Necr           ########..   34%         8    None
 Infestation              Necr           ########..   34%         8    None
 Haunt                    Necr/Summ      ########..   38%         7    None
 Invisibility             Hex            #######.     52%         6    None
 Ozocubu's Refrigeration  Ice            #######...   52%         6    None
 Necromutation            Tmut/Necr      ########..   92%         8    None
 Death's Door             Chrm/Necr      ########..   96%         8    None
 Ring of Flames           Chrm/Fire      #######...   97%         7    None
 Ignition                 Fire           #######...   100%        8    None
 Tornado                  Air            #######...   100%        9    None


Dungeon Overview and Level Annotations

Branches:
Dungeon (15/15)            Temple (1/1) D:5            Lair (6/6) D:8
 Shoals (4/4) Lair:4        Snake (4/4) Lair:4        Slime (5/5) Lair:6
    Orc (2/2) D:12            Elf (3/3) Orc:2        Vaults (5/5) D:14
  Crypt (0/3) Vaults:3     Depths (5/5) D:15            Zot (0/5) Depths:5
  Sewer (visited)           IceCv (visited)         Gauntlet (visited)

Altars:
Ashenzari
Cheibriados
Dithmenos
Elyvilon
Fedhas
Gozag
Hepliaklqana
Kikubaaqudgha
Makhleb
Nemelex Xobeh
Okawaru
Qazlal
Ru
Sif Muna
Trog
Uskayaw
Vehumet
Wu Jian
Xom
Yredelemnul
Zin
The Shining One
Jiyva

Shops:
D:4 [   D:8 [(   D:12 =   Orc:2 [?:?[   Elf:3 *   Shoals:2 =   Snake:2 ([
Vaults:1 :   Depths:1 [}[:

Portals:
Hell: Lair:6 Depths:1 Depths:2 Depths:3 Depths:4 Depths:5
Abyss: Depths:1 Depths:3 Depths:4 Depths:5
Pandemonium: Orc:2 Depths:1 Depths:3 Depths:5

Annotations:
D:3 1 runed translucent door, Popilis's ghost, amateur HOFi
Snake:4 2 transporters
Orc:1 3 runed translucent doors, Xerdoz's ghost, journeyman BaFE; brucemayne's ghost, journeyman HOMo
Orc:2 3 runed translucent doors, Peloso's ghost, journeyman MiFi
Vaults:2 Mennas
Depths:2 1 runed translucent door


Innate Abilities, Weirdness & Mutations

You have sharp toenails.
You are completely covered in yellow scales. (AC +4, rCorr)
You tend to lose your temper in combat.
Your spells are a little harder to cast, but a little more powerful.
Potions are less effective at restoring your health.


Message History

* * * LOW HITPOINT WARNING * * *
The orb of electricity engulfs Zugefi!
Zugefi resists.
The orb of electricity engulfs your larval stingox beast!!!
Your larval stingox beast dies!
Your larval stingox beast's corpse disappears in a puff of smoke!
The orb of electricity engulfs your larval weirdfire beast!!
Your larval weirdfire beast dies!
Your larval weirdfire beast's corpse disappears in a puff of smoke!
Unknown command.
Casting: Blink (safe; 1% risk of failure)
Confirm with . or Enter, or press ? or * to list all spells.
Aiming: Iron Shot (safe; 1% risk of failure)
Press: ? - help, Shift-Dir - straight line, f - Zugefi
Aim: Zugefi, armed with a vampiric touch (heavily wounded, umbra)
You feel a strong surge of power!
The iron shot hits Zugefi!!!!
Zugefi is severely wounded.
Zugefi hits you!!
* * * LOW HITPOINT WARNING * * *
Zugefi hits you!!!
You die...

▓▓▓▓▓▓▓▓▓▓▓▓▓
▓▓...........▓
▓▓.............
▓▓...§§.§.......
▓▓......§...§...)
▓▓&..&.§§§§§§§...)
▓@∩.....§§§§§§.).$
▓▓.......§§§.&...[
▓▓......§§§.....)
▓▓..............
▓▓.............
▓▓...........▓
▓▓▓▓▓▓▓▓▓▓▓▓▓


You could see Ygesman and Zugefi.

Vanquished Creatures
  the Royal Jelly (Slime:5)
  2 ancient liches
  A juggernaut (Depths:3)
  6 Killer Klowns
  Bai Suzhen (Depths:3)
  Vashnia (Snake:2)
  2 caustic shrikes (Depths:3)
  Frederick (Vaults:4)
  The ghost of Xerdoz the Black Belt, a veteran OpTm of Sif Muna (Depths:2)
  A golden dragon (Depths:5)
  A lich (Depths:3)
  A pearl dragon (Depths:2)
  Jorgrun (Shoals:3)
  2 Ice Fiends (IceCv)
  6 tentacled monstrosities
  5 titans
  Asterion (Elf:2)
  2 quicksilver dragons
  4 deep elf master archers (Elf:3)
  The ghost of brucemayne the Executioner, an adept HOMo of the Shining One (Snake:3)
  48 acid blobs
  3 deep elf blademasters (Elf:3)
  The ghost of Tishrotz the Brawler, an adept TrWr of Ru (Depths:2)
  A kraken (Shoals:1)
  A sphinx (shapeshifter) (Zig:11)
  6 sphinxes
  6 shadow dragons
  Polyphemus (Shoals:3)
  3 tengu reavers
  3 storm dragons
  4 tentacled starspawn (Abyss:1)
  Kirke (Lair:5)
  The ghost of Peloso the Peltast, an adept MiFi of Okawaru (Snake:3)
  Donald (Vaults:2)
  17 nagarajas
  26 azure jellies
  14 fire giants
  Roxanne (Snake:2)
  4 ghost moths
  2 daevas (Depths:4)
  An orc warlord (Vaults:5)
  8 deep elf sorcerers
  5 frost giants
  4 iron dragons
  Aizul (Vaults:4)
  A balrug (Zig:11)
  2 draconian knights (Depths:5)
  An emperor scorpion (Zig:9)
  18 vault wardens
  Louise (Depths:1)
  17 ironheart preservers
  A spectral juggernaut (Depths:2)
  A draconian shifter (Zig:4)
  3 cacodemons (Depths:3)
  A deep elf elementalist (Elf:3)
  28 very ugly things
  A stone giant (shapeshifter) (Zig:11)
  An entropy weaver (Zig:9)
  A war gargoyle (Vaults:5)
  23 stone giants
  A vampire knight (Depths:3)
  A green draconian (Zig:4)
  9 deep elf annihilators
  2 purple draconians (Depths:5)
  A minotaur (Gauntlet)
  9 deep elf demonologists
  Azrael (D:12)
  4 yellow draconians
  2 pale draconians (Depths:5)
  2 white draconians (Depths:5)
  A spark wasp (Zig:9)
  An eidolon (Zig:1)
  13 ettins
  7 deep elf death magi
  6 fire dragons
  A blizzard demon (Depths:3)
  2 merfolk javelineers
  8 merfolk impalers
  5 deep elf high priests
  24 death oozes
  13 yaktaur captains
  23 great orbs of eyes
  A spectral golden dragon (Depths:2)
  11 rakshasas
  34 vault guards
  Erolcha (D:9)
  16 hydras
  Erica (D:9)
  2 catoblepae
  4 merfolk avatars
  A caustic shrike simulacrum (Depths:2)
  9 ice dragons
  A spectral shadow dragon (Depths:2)
  A spectral sphinx (Depths:2)
  4 death knights
  6 centaur warriors
  11 naga warriors
  26 anacondas
  4 spriggan air magi
  6 tengu warriors
  A hell beast (Lair:6)
  3 merfolk aquamancers
  A satyr (Shoals:3)
  An anaconda (shapeshifter) (Vaults:2)
  8 death yaks
  17 ogre magi
  40 two-headed ogres
  5 deep troll shamans
  4 hell hogs (Abyss:1)
  3 spriggan berserkers (Depths:3)
  2 thrashing horrors (Abyss:1)
  24 dancing weapons
  8 orc high priests (Orc:2)
  7 deep troll earth magi
  9 shock serpents
  6 hell knights
  A spectral storm dragon (Depths:2)
  15 naga sharpshooters
  4 iron trolls (Depths:2)
  27 deep elf knights
  4 wretched stars (Abyss:1)
  Urug (D:13)
  2 soul eaters (Orc:2)
  2 sixfirhies
  A shadow wraith (Vaults:3)
  An iron troll (shapeshifter) (Zig:6)
  2 spectral elves (Depths:2)
  7 flayed ghosts
  A glowing orange brain (shapeshifter) (Vaults:1)
  A sea snake (shapeshifter) (Zig:5)
  2 salamander mystics
  2 death drakes (shapeshifter)
  6 sea snakes
  30 deep trolls
  6 unseen horrors
  6 glowing orange brains
  3 torturous demonspawn
  6 naga ritualists
  7 wizards
  An infernal demonspawn (Orc:2)
  Pikel (D:8)
  10 ironbrand convokers
  11 deep elf archers
  16 harpies
  5 necromancers
  6 phantasmal warriors
  72 deep elf magi
  10 large abominations (Abyss:1)
  3 human zombies (Vaults:4)
  3 orb spiders
  9 shining eyes
  A mana viper (shapeshifter) (Vaults:5)
  4 mana vipers
  A faun (shapeshifter) (Zig:11)
  A shining eye (shapeshifter) (Abyss:1)
  A stone giant zombie (Vaults:4)
  19 orc knights
  9 wolf spiders
  14 manticores
  14 fauns
  67 ugly things
  A salamander (shapeshifter) (Vaults:4)
  A tengu skeleton (Vaults:4)
  6 cyclopes
  6 orc sorcerers
  2 worldbinders (Abyss:1)
  2 elephants (Lair:5)
  A moth of wrath (Zig:9)
  15 merfolk sirens
  17 salamanders
  2 rust devils (Orc:2)
  2 torpor snails (shapeshifter)
  5 water nymphs
  Psyche (D:11)
  15 vault sentinels
  5 eyes of devastation
  A stone giant skeleton (Vaults:4)
  10 guardian serpents
  2 ice statues (IceCv)
  9 spiny frogs
  3 torpor snails
  5 apocalypse crabs
  A fire giant skeleton (Vaults:4)
  39 black mambas
  3 gargoyles
  A titan simulacrum (Depths:2)
  18 naga magi
  3 orange demons
  2 smoke demons
  6 rime drakes
  2 water nymphs (shapeshifter)
  5 spectral swamp worms (Depths:4)
  2 efreet (D:15)
  A hellion (Zig:11)
  10 freezing wraiths
  5 tengu conjurers
  7 komodo dragons
  A yaktaur skeleton (Vaults:4)
  3 demonic crawlers
  A hellwing (Lair:6)
  15 ice devils
  A spectral glowing shapeshifter (Depths:2)
  38 yaktaurs
  2 ancient zymes (Abyss:1)
  2 guardian mummies (D:10)
  2 trolls (shapeshifter) (Depths:2)
  4 polar bears
  2 red devils (Lair:6)
  2 hornets (shapeshifter)
  3 jumping spiders
  27 merfolk
  7 hornets
  A tyrant leech (Gauntlet)
  6 wind drakes
  7 trolls
  8 raiju (Abyss:1)
  Prince Ribbit (D:8)
  A hippogriff (shapeshifter) (Vaults:5)
  A raiju (shapeshifter) (Depths:1)
  10 snapping turtles
  6 dream sheep
  11 hippogriffs
  A meliai zombie (D:15)
  117 slime creatures
  20 blink frogs
  Sigmund (D:2)
  A redback (shapeshifter) (Depths:3)
  34 yaks
  3 redbacks
  4 air elementals
  A fire dragon skeleton (Abyss:1)
  2 spriggans (shapeshifter) (Vaults:5)
  2 ynoxinuls
  4 starcursed masses (Abyss:1)
  7 fire elementals
  2 tarantellas
  22 water elementals
  A basilisk (Lair:2)
  7 wyverns
  7 wraiths
  4 hogs
  20 humans (D:14)
  2 humans (shapeshifter)
  2 neqoxecs
  A chaos spawn (Zig:11)
  3 steam dragons (Depths:5)
  6 golden eyes
  2 hungry ghosts
  A steam dragon (shapeshifter) (Depths:3)
  A warg (shapeshifter) (Elf:1)
  5 wargs
  48 nagas
  2 swamp worms (Gauntlet)
  3 soldier ants
  6 acid dragons
  14 hell hounds
  9 water moccasins
  Edmund (D:6)
  11 porcupines
  A floating eye (Depths:3)
  54 orc warriors
  10 eyes of draining
  5 ice beasts
  7 sky beasts
  2 black bears
  A fire dragon simulacrum (Abyss:1)
  3 phantoms
  2 eyes of draining (shapeshifter)
  9 boggarts
  A wolf (shapeshifter) (Depths:3)
  9 wolves
  39 ogres
  26 centaurs
  A centaur (shapeshifter) (Depths:3)
  19 crocodiles
  An elf zombie (Abyss:1)
  Blork the orc (D:4)
  21 bullfrogs
  12 earth elementals
  A wyvern zombie (D:13)
  2 glowing shapeshifter simulacra (Depths:2)
  5 scorpions
  2 elf simulacra
  19 killer bees
  4 wights (D:11)
  2 howler monkeys
  2 centaur zombies
  6 crimson imps
  3 bullfrog zombies
  A human simulacrum (Vaults:4)
  5 quasits
  28 orc priests
  5 centaur skeletons
  5 hounds
  4 jellies
  21 orc wizards
  A bullfrog skeleton (D:7)
  3 iron imps
  7 iguanas
  Terence (D:3)
  9 worker ants
  5 small abominations (Abyss:1)
  A hound zombie (D:7)
  A worker ant zombie (D:3)
  7 gnolls (D:10)
  17 adders
  6 shadow imps
  10 white imps
  6 ufetubi
  3 oozes
  An adder zombie (D:5)
  8 worms
  A worm (shapeshifter) (Depths:3)
  3 dart slugs
  10 leopard geckos
  89 orcs
  15 giant cockroaches
  12 goblins
  6 hobgoblins
  A hobgoblin (shapeshifter) (Depths:3)
  18 jackals
  9 kobolds
  5 quokkas
  5 ball pythons
  17 bats
  8 frilled lizards
  A jackal skeleton (D:5)
  A quokka skeleton (D:4)
  9 rats
  2 rats (shapeshifter) (Depths:3)
  4 crawling corpses (Elf:3)
  A demonic plant (Gauntlet)
  75 plants
  3 starspawn tentacles (Abyss:1)
  A tentacle (Shoals:1)
2609 creatures vanquished.

Vanquished Creatures (collateral kills)
  A dancing weapon (Elf:1)
  An orc warrior (Orc:2)
  An orc priest (Orc:2)
3 creatures vanquished.

Vanquished Creatures (others)
  An elephant (Lair:5)
  A human (Lair:5)
  A water elemental (Depths:3)
  An acid dragon (Vaults:2)
  A killer bee (D:8)
  An orc wizard (D:5)
  4 white imps (IceCv)
  7 ufetubi (IceCv)
  2 orcs (D:8)
  4 demonic plants (Gauntlet)
  4 fungi
  23 plants
  2 starspawn tentacles (Abyss:1)
  3 tentacles (Shoals:1)
  A withered plant (Orc:1)
56 creatures vanquished.

Grand Total: 2668 creatures vanquished

Notes
Turn   | Place    | Note
-------+----------+-------------------------------------------
     0 | D:1      | Johnny the Deep Elf Earth Elementalist began the quest for
                  | the Orb.
     0 | D:1      | Reached XP level 1. HP: 10/10 MP: 6/6
   474 | D:1      | Reached XP level 2. HP: 14/16 MP: 8/8
   492 | D:1      | Reached skill level 1 in Fighting
  1114 | D:2      | Noticed Sigmund
  1228 | D:2      | Reached XP level 3. HP: 20/20 MP: 8/10
  1424 | D:3      | Found a runed translucent door.
  1425 | D:3      | Noticed Popilis's ghost (amateur HOFi)
  1518 | D:3      | Found a faded altar of an unknown god.
  1580 | D:3      | Reached XP level 4. HP: 21/26 MP: 11/11
  1750 | D:3      | Noticed Terence
  1759 | D:3      | Killed Terence
  1759 | D:3      | Reached skill level 4 in Spellcasting
  1792 | D:3      | Found a glowing drain.
  1799 | Sewer    | Entered a sewer
  2151 | Sewer    | Reached XP level 5. HP: 29/31 MP: 13/13
  3226 | D:2      | Killed Sigmund
  3226 | D:2      | Reached skill level 5 in Spellcasting
  3226 | D:2      | Reached XP level 6. HP: 15/38 MP: 1/15
  3514 | D:2      | Found a glowing golden altar of the Shining One.
  3519 | D:2      | Found a basalt altar of Yredelemnul.
  3521 | D:2      | Noticed a profane servitor
  3775 | D:2      | Noticed an angel
  3854 | D:4      | Noticed Blork the orc
  3858 | D:4      | Killed Blork the orc
  3858 | D:4      | Reached skill level 5 in Earth Magic
  3903 | D:4      | Learned a level 3 spell: Stone Arrow
  3909 | D:4      | Learned a level 5 spell: Lee's Rapid Deconstruction
  3914 | D:4      | Learned a level 4 spell: Petrify
  3955 | D:4      | Found Zunaxy's Armour Shoppe.
  3962 | D:4      | Bought a cursed +0 pair of gloves for 16 gold pieces
  4041 | D:4      | Reached XP level 7. HP: 38/43 MP: 10/17
  4140 | D:4      | Found a shattered altar of Ashenzari.
  4221 | D:4      | Found a burning altar of Makhleb.
  4682 | D:5      | Entered Level 5 of the Dungeon
  4694 | D:5      | Reached skill level 6 in Spellcasting
  4934 | D:5      | Reached skill level 5 in Fighting
  5185 | D:5      | Found a sparkling altar of Nemelex Xobeh.
  5235 | D:5      | Reached XP level 8. HP: 17/49 MP: 4/19
  5749 | D:5      | Reached skill level 7 in Spellcasting
  6341 | D:5      | Found a staircase to the Ecumenical Temple.
  6453 | Temple   | Entered the Ecumenical Temple
  6614 | Temple   | Became a worshipper of Dithmenos the Shadowed
  6681 | D:6      | Noticed Edmund
  6688 | D:6      | Killed Edmund
  6878 | D:6      | Reached skill level 8 in Spellcasting
  6878 | D:6      | Reached XP level 9. HP: 56/56 MP: 11/23
  6970 | D:6      | Found a snail-covered altar of Cheibriados.
  7050 | D:6      | Found a sacrificial altar of Ru.
  7262 | D:6      | Reached * piety under Dithmenos
  7616 | D:7      | Reached skill level 9 in Spellcasting
  8227 | D:7      | Found a hide-covered altar of Uskayaw.
  8229 | D:7      | Found a bloodstained altar of Trog.
  8306 | D:7      | Found an opulent altar of Gozag.
  8308 | D:7      | Found a white marble altar of Elyvilon.
  8564 | D:8      | Found a snail-covered altar of Cheibriados.
  8564 | D:8      | Found Cheibriados's Comfort Zone.
  8575 | D:8      | Got a bloodstained broad axe
  8577 | D:8      | Identified the +7 broad axe of Bifeibamm {freeze, rPois
                  | Dex+3} (You found it on level 8 of the Dungeon)
  8582 | D:8      | Noticed a two-headed ogre
  8585 | D:8      | Killed a two-headed ogre
  8585 | D:8      | Reached ** piety under Dithmenos
  8585 | D:8      | Reached XP level 10. HP: 65/65 MP: 14/25
  8642 | D:8      | Found a staircase to the Lair.
  8644 | D:8      | Noticed Pikel
  8649 | D:8      | Killed Pikel
  8649 | D:8      | Reached skill level 10 in Spellcasting
  8842 | D:8      | Noticed Prince Ribbit
  8847 | D:8      | Killed Prince Ribbit
  8957 | D:8      | Found Kidod's Weapon Shoppe.
  8961 | D:8      | Bought 23 stones for 29 gold pieces
  9640 | D:9      | Found a stormy altar of Qazlal.
  9778 | D:9      | Noticed Erica
  9785 | D:9      | Killed Erica
  9797 | D:9      | Reached skill level 11 in Spellcasting
  9927 | D:9      | Identified the +2 chain mail "Nifiga" {Str+3 Int+2}
 10091 | D:9      | Reached *** piety under Dithmenos
 10103 | D:9      | Noticed Erolcha
 10108 | D:9      | Killed Erolcha
 10108 | D:9      | Reached skill level 10 in Fighting
 10108 | D:9      | Reached XP level 11. HP: 72/72 MP: 4/28
 10333 | D:9      | Found an iron altar of Okawaru.
 10741 | D:10     | Entered Level 10 of the Dungeon
 10796 | D:10     | Reached skill level 10 in Earth Magic
 11350 | D:10     | Killed an unseen horror
 11498 | D:10     | Found a portal to a secret trove of treasure.
 11835 | D:10     | Reached skill level 12 in Spellcasting
 12232 | D:11     | Reached **** piety under Dithmenos
 12502 | D:11     | Noticed Psyche
 12505 | D:11     | Killed Psyche
 12707 | D:11     | Noticed an orc knight
 12712 | D:11     | Killed an orc knight
 12714 | D:11     | Noticed a deep elf knight
 12716 | D:11     | Killed a deep elf knight
 12717 | D:11     | Noticed an orc knight
 12735 | D:11     | Killed an orc knight
 12774 | D:11     | Noticed a wizard
 12779 | D:11     | Killed a wizard
 12780 | D:11     | Noticed an orc knight
 12788 | D:11     | Killed an orc knight
 12847 | D:11     | Noticed an orc knight
 12855 | D:11     | Killed an orc knight
 12977 | D:11     | Noticed a +6 great sword
 13280 | D:11     | Reached XP level 12. HP: 80/80 MP: 17/30
 13690 | D:12     | Noticed a two-headed ogre
 13694 | D:12     | Killed a two-headed ogre
 13694 | D:12     | Reached skill level 13 in Spellcasting
 13982 | D:12     | Found a staircase to the Orcish Mines.
 14536 | D:12     | Found Redosch's Jewellery Boutique.
 14586 | D:12     | Found the +5 scythe "Finisher" {speed, eviscerate}
 14745 | D:12     | Noticed Azrael
 14746 | D:12     | Reached ***** piety under Dithmenos
 14747 | D:12     | Killed Azrael
 15326 | D:13     | Noticed Urug
 15333 | D:13     | Killed Urug
 15346 | D:13     | Found a gate leading to a gauntlet.
 15351 | Gauntlet | Entered a Gauntlet
 15351 | Gauntlet | Found a transporter.
 15351 | Gauntlet | Found a transporter.
 15351 | Gauntlet | Noticed a queen ant
 15418 | Gauntlet | Found a transporter.
 15419 | Gauntlet | Found a transporter.
 15428 | Gauntlet | Found a transporter.
 15432 | Gauntlet | Found a transporter.
 15493 | Gauntlet | Found a transporter.
 15503 | Gauntlet | Found a transporter.
 15518 | Gauntlet | Found a transporter.
 15528 | Gauntlet | Found a transporter.
 15543 | Gauntlet | Found a transporter.
 15570 | Gauntlet | Found a transporter.
 15648 | Gauntlet | Got a transparent helmet
 15661 | Gauntlet | Identified the +0 helmet of Yesterday {+Blink +Inv} (You
                  | found it in a Gauntlet)
 15697 | Gauntlet | Got a steaming shortbow
 15746 | Gauntlet | Identified the cursed +1 war axe of Offence {pain, +Blink
                  | rN+ Int+3 Dex-4}
 15746 | Gauntlet | Identified the ring "Keazxot" {Ice +Fly rN++ Str+4 Int-5}
 15746 | Gauntlet | Noticed a minotaur
 15759 | Gauntlet | Killed a minotaur
 15897 | Gauntlet | Identified Sif Muna's Handbook of the Destructive Blaze
 15956 | Gauntlet | Identified the cursed +1 shortbow "Temint" {venom, rPois
                  | rF- Str+3} (You found it in a Gauntlet)
 16080 | D:13     | Reached skill level 14 in Spellcasting
 16500 | D:13     | Learned a level 5 spell: Bolt of Magma
 16505 | D:13     | Noticed a five-headed hydra
 16511 | D:13     | Killed a five-headed hydra
 16695 | D:13     | Reached XP level 13. HP: 87/87 MP: 21/33
 17380 | D:14     | You fall into a shaft and drop 1 floor!
 17380 | D:15     | Entered Level 15 of the Dungeon
 17474 | D:15     | Got a crystal mace
 17816 | D:15     | Found a snail-covered altar of Cheibriados.
 18286 | D:15     | Reached skill level 15 in Spellcasting
 18546 | D:15     | Noticed a fire dragon
 18552 | D:15     | Killed a fire dragon
 19389 | D:14     | Reached ****** piety under Dithmenos
 19438 | D:14     | Found a gate to the Vaults.
 19458 | D:14     | Reached XP level 14. HP: 85/96 MP: 17/35
 19658 | D:14     | Learned a level 2 spell: Blink
 20412 | D:15     | Found a staircase to the Depths.
 21003 | Orc:1    | Entered Level 1 of the Orcish Mines
 21133 | Orc:2    | Entered Level 2 of the Orcish Mines
 21633 | Orc:1    | Found a runed translucent gate.
 21633 | Orc:1    | Found a runed translucent gate.
 21633 | Orc:1    | Found a runed translucent gate.
 21633 | Orc:1    | Noticed brucemayne's ghost (journeyman HOMo)
 21635 | Orc:1    | Noticed Xerdoz's ghost (journeyman BaFE)
 21868 | Orc:2    | Noticed a stone giant
 21878 | Orc:2    | Killed a stone giant
 22156 | Orc:2    | Reached skill level 16 in Spellcasting
 22415 | Orc:2    | Found a staircase to the Elven Halls.
 22967 | Orc:2    | Found Zyfisauje's Antique Armour Boutique.
 23197 | Orc:2    | Found a runed translucent gate.
 23197 | Orc:2    | Found a runed translucent gate.
 23197 | Orc:2    | Found a runed translucent gate.
 23217 | Orc:2    | Noticed Peloso's ghost (journeyman MiFi)
 23586 | Orc:2    | Found Rehed's Magic Scroll Boutique.
 23611 | Orc:2    | Found Ecwidias's Magic Scroll Shop.
 23747 | Orc:2    | Bought a scroll of identify for 30 gold pieces
 24297 | Orc:2    | Reached skill level 15 in Fighting
 25127 | Orc:2    | Found Plog's Book Emporium.
 25127 | Orc:2    | Found Guaphyv's Antique Armour Shoppe.
 25127 | Orc:2    | Found a one-way gate leading to the halls of Pandemonium.
 25194 | Orc:2    | Bought a book of the Tempests for 700 gold pieces
 25194 | Orc:2    | Bought a book of Power for 450 gold pieces
 25201 | Orc:2    | Learned a level 6 spell: Iron Shot
 25211 | Orc:2    | Learned a level 9 spell: Shatter
 25262 | Orc:2    | Found the +9 heavy crossbow "Sniper" {velocity, Acc+∞ SInv}
 25479 | Lair:1   | Entered Level 1 of the Lair of Beasts
 25950 | Lair:1   | Reached XP level 15. HP: 98/103 MP: 12/37
 26861 | Lair:2   | Reached skill level 15 in Earth Magic
 27384 | Lair:3   | Reached skill level 17 in Spellcasting
 28216 | Lair:4   | Found a staircase to the Shoals.
 28242 | Lair:4   | Found a staircase to the Snake Pit.
 28793 | Lair:4   | Identified the +7 mace "Diudukys" {venom, *Slow rPois
                  | Int+3} (You found it on level 15 of the Dungeon)
 29008 | Lair:5   | Noticed Kirke
 29327 | Lair:5   | Killed Kirke
 29927 | Lair:6   | Entered Level 6 of the Lair of Beasts
 30838 | Lair:6   | Found a staircase to the Slime Pits.
 31294 | Lair:6   | Reached skill level 18 in Spellcasting
 31519 | Lair:6   | Found a burning altar of Makhleb.
 31609 | Lair:6   | Found a gateway to Hell.
 32210 | Snake:1  | Entered Level 1 of the Snake Pit
 33031 | Snake:1  | Reached XP level 16. HP: 106/108 MP: 19/40
 33780 | Snake:2  | Found Lanuckif's Antique Weapon Boutique.
 33796 | Snake:2  | Found Sypin's Antique Armour Boutique.
 33969 | Snake:2  | Noticed Vashnia
 34144 | Snake:2  | Bought a pair of runed gloves for 247 gold pieces
 34189 | Snake:2  | HP: 3/108 [Vashnia/arrow (41)]
 34674 | Snake:2  | Noticed Roxanne
 34677 | Snake:2  | Killed Roxanne
 35136 | Snake:2  | Killed Vashnia
 35994 | Snake:3  | Reached skill level 19 in Spellcasting
 36119 | Snake:3  | Found a large runed translucent door.
 36119 | Snake:3  | Found a large runed translucent door.
 36305 | Snake:3  | Found a frozen archway.
 36314 | IceCv    | Entered an ice cave
 36978 | IceCv    | Noticed an Ice Fiend
 36981 | IceCv    | Killed an Ice Fiend
 36984 | IceCv    | Noticed an Ice Fiend
 37406 | IceCv    | Killed an Ice Fiend
 38775 | Snake:3  | Noticed Peloso's ghost (adept MiFi)
 39083 | Snake:3  | Killed Peloso's ghost
 39215 | Snake:4  | Entered Level 4 of the Snake Pit
 39496 | Snake:4  | Reached XP level 17. HP: 75/113 MP: 7/42
 39629 | Snake:4  | Found a transporter.
 39840 | Snake:4  | Reached skill level 20 in Spellcasting
 39935 | Snake:4  | Noticed brucemayne's ghost (adept HOMo)
 39981 | Snake:4  | Found a transporter.
 41676 | Snake:4  | Got a serpentine rune of Zot
 42007 | Snake:3  | Killed brucemayne's ghost
 42306 | Snake:4  | Reached skill level 21 in Spellcasting
 42460 | Shoals:1 | Entered Level 1 of the Shoals
 42657 | Shoals:1 | Identified a scroll of acquirement
 42694 | Shoals:1 | Reached XP level 18. HP: 95/119 MP: 5/45
 43419 | Shoals:2 | Got a clouded silver ring
 43422 | Shoals:2 | Identified the ring "Vituruyz" {+Blink rPois MR+ Int-2
                  | SInv} (You found it on level 2 of the Shoals)
 43743 | Shoals:2 | Found Majen's Jewellery Shop.
 43755 | Shoals:2 | Bought the ring "Irhelyge" {+Inv rElec rC+ rN+ Int+2} for
                  | 635 gold pieces
 44097 | Shoals:3 | Noticed Polyphemus
 44101 | Shoals:3 | Killed Polyphemus
 44122 | Shoals:3 | Noticed Jorgrun
 44210 | Shoals:3 | Killed Jorgrun
 45171 | Shoals:4 | Entered Level 4 of the Shoals
 45811 | Shoals:4 | Reached skill level 22 in Spellcasting
 46172 | Shoals:4 | Got a barnacled rune of Zot
 46505 | Shoals:4 | Got a shadowed robe
 46507 | Shoals:4 | Identified the cursed +1 robe of Responsibility {Str+5}
                  | (You found it on level 4 of the Shoals)
 46995 | Orc:2    | Bought a scroll of vulnerability for 97 gold pieces
 46995 | Orc:2    | Bought a scroll of teleportation for 39 gold pieces
 46997 | Orc:2    | Bought a scroll of teleportation for 45 gold pieces
 46997 | Orc:2    | Bought a scroll of teleportation for 45 gold pieces
 46997 | Orc:2    | Bought a scroll of magic mapping for 52 gold pieces
 47024 | Elf:1    | Entered Level 1 of the Elven Halls
 47411 | Elf:1    | Reached XP level 19. HP: 118/124 MP: 43/47
 47539 | Elf:1    | Identified the Compendium of Conjuration and Creation
 47548 | Elf:1    | Got a pair of faintly humming gloves
 47559 | Elf:1    | Identified the +1 pair of gloves "Adecoage" {Dex+4} (You
                  | found it on level 1 of the Elven Halls)
 48346 | Elf:1    | Learned a level 2 spell: Sublimation of Blood
 48347 | Elf:2    | Noticed Asterion
 48350 | Elf:2    | Killed Asterion
 48350 | Elf:2    | Reached skill level 1 in Necromancy
 49037 | Elf:2    | Found a runed translucent gate.
 49037 | Elf:2    | Found a runed translucent gate.
 49037 | Elf:2    | Found a runed translucent gate.
 49737 | Elf:3    | Entered Level 3 of the Elven Halls
 49747 | Elf:3    | Reached skill level 23 in Spellcasting
 49850 | Elf:3    | Found a flickering gateway to a bazaar.
 49858 | Bazaar   | Entered a bazaar
 49858 | Bazaar   | Found Xerits's Weapon Boutique.
 49858 | Bazaar   | Found Wosid's Weapon Boutique.
 49886 | Bazaar   | Found Osseemul's Weapon Emporium.
 49912 | Bazaar   | Found Moawn's Gadget Shoppe.
 50419 | Elf:3    | Reached skill level 5 in Necromancy
 50559 | Elf:3    | Reached XP level 20. HP: 94/131 MP: 28/49
 50663 | Elf:3    | Identified the cursed +1 chain mail "Ciopryck" {rC++ MR-
                  | Dex+2 Stlth+}
 50667 | Elf:3    | Identified the ring "Vanui" {Fire +Blink}
 50673 | Elf:3    | Identified the +9 ring mail of Unreason {-Tele +Inv rF+
                  | Str+2}
 50930 | Elf:3    | Identified the cursed +1 morningstar "Venuhod" {speed,
                  | Int+4 SInv}
 50947 | Elf:3    | Identified Vehumet's Almanac of Attacks and Lightness
 50956 | Elf:3    | Got a pair of dazzling boots
 50962 | Elf:3    | Identified the +2 pair of boots of Snakes and Ladders
                  | {rElec Str+4} (You found it on level 3 of the Elven Halls)
 51086 | Elf:3    | Got a pitted hand crossbow
 51087 | Elf:3    | Identified the +7 hand crossbow "Jitt" {penet, rF+ Dex+3}
                  | (You found it on level 3 of the Elven Halls)
 51094 | Elf:3    | Got a smoking hunting sling
 51095 | Elf:3    | Identified the cursed +1 hunting sling of Xilesoj {venom,
                  | *Contam rPois Dex+6} (You found it on level 3 of the Elven
                  | Halls)
 51403 | Elf:3    | Found Taocog's Tempting Trifles.
 51720 | Vaults:1 | Entered Level 1 of the Vaults
 52481 | Vaults:1 | Reached skill level 5 in Dodging
 52931 | Vaults:1 | Found Cughepp's Book Shop.
 53412 | D:10     | You paid a toll of 2 scrolls of acquirement to enter a
                  | treasure trove
 53413 | Trove    | Entered a treasure trove
 53418 | Trove    | Got a flickering iron ring
 53424 | Trove    | Got an ancient copper amulet
 53430 | Trove    | Got an ancient pewter amulet
 53432 | Trove    | Got a brightly glowing brass ring
 53444 | Trove    | Identified the ring "Toxeajue" {Int+3 Dex+2} (You found it
                  | in a treasure trove)
 53446 | Trove    | Identified the ring of Kyamilie {Str+4 Int+3} (You found it
                  | in a treasure trove)
 53451 | Trove    | Got an ancient amber ring
 53453 | Trove    | Got a scintillating garnet amulet
 53456 | Trove    | Identified the amulet "Xidi" {Harm *Drain rPois rC+ rN+
                  | Str-4 Dex+3} (You found it in a treasure trove)
 53458 | Trove    | Identified the amulet "Ohoor" {Faith Int+5} (You found it
                  | in a treasure trove)
 53460 | Trove    | Identified the amulet of Suspected Treachery {Regen+ Str+2
                  | Int+3} (You found it in a treasure trove)
 53463 | Trove    | Identified the ring "Zicweun" {rF+ AC+1 Str-5 Dex+7} (You
                  | found it in a treasure trove)
 53479 | Trove    | Got a scintillating jade ring
 53481 | Trove    | Got a clouded bone ring
 53483 | Trove    | Got a crude crystal amulet
 53494 | Trove    | Identified the amulet of Trog's Righteous Anger {*Drain
                  | rPois Regen+ Int+7} (You found it in a treasure trove)
 53495 | Trove    | Identified the ring "Rugaeshra" {rPois Dex+2 Stlth+} (You
                  | found it in a treasure trove)
 53498 | Trove    | Identified the ring "Pimer" {rF+ rC+ rN+ MR+} (You found it
                  | in a treasure trove)
 54183 | Vaults:2 | Noticed Mennas
 54254 | Vaults:2 | Noticed Donald
 54758 | Vaults:3 | Reached XP level 21. HP: 95/139 MP: 40/50
 55047 | Vaults:2 | Killed Donald
 55097 | Vaults:2 | Reached skill level 24 in Spellcasting
 55754 | Vaults:3 | Reached skill level 10 in Dodging
 56047 | Vaults:3 | You fall into a shaft and drop 1 floor!
 56047 | Vaults:4 | Noticed Aizul
 56051 | Vaults:4 | Killed Aizul
 56065 | Vaults:4 | Reached skill level 10 in Necromancy
 56376 | Vaults:4 | Identified the +6 scimitar of Armageddon {protect, rElec
                  | Str+6 Dex+2 Stlth-}
 56649 | Vaults:4 | Noticed Frederick
 56652 | Vaults:4 | Killed Frederick
 57676 | Vaults:3 | Found a staircase to the Crypt.
 57730 | Vaults:3 | Reached XP level 22. HP: 146/146 MP: 45/52
 57947 | Vaults:5 | Entered Level 5 of the Vaults
 58225 | Vaults:5 | Noticed an ancient lich
 58226 | Vaults:5 | Killed an ancient lich
 58441 | Vaults:5 | Reached skill level 25 in Spellcasting
 58826 | Vaults:5 | Reached skill level 15 in Dodging
 59013 | Vaults:5 | Identified the ring of the Seven Realms {Str-2 Int+5
                  | Slay+1}
 59399 | Vaults:5 | Reached XP level 23. HP: 138/155 MP: 34/54
 59989 | Vaults:5 | Got a silver rune of Zot
 60070 | Vaults:5 | Identified Sif Muna's Handbook of Displacement and Ice
 60126 | Vaults:5 | Got an ichor-stained chain mail
 60127 | Vaults:5 | Identified the cursed +0 chain mail of Defence {rCorr MP+9
                  | Int+6 Dex-5} (You found it on level 5 of the Vaults)
 60428 | Vaults:3 | Got a steaming hand axe
 60430 | Vaults:3 | Identified the +3 hand axe of Beggaq {freeze, +Blink} (You
                  | found it on level 3 of the Vaults)
 60486 | Vaults:3 | Got an encrusted trident
 60487 | Vaults:3 | Identified the +3 trident of Domination {holy, rC- rN+++
                  | Str-5 Int+5} (You found it on level 3 of the Vaults)
 60774 | Elf:3    | Bought a manual of Translocations for 2097 gold pieces
 60774 | Elf:3    | Bought a scroll of teleportation for 57 gold pieces
 61182 | Slime:1  | Entered Level 1 of the Pits of Slime
 62476 | Slime:3  | Gained mutation: Your body sometimes deteriorates upon
                  | taking damage. [a shining eye]
 62510 | Slime:3  | Reached skill level 1 in Translocations
 62510 | Slime:3  | Reached skill level 1 in Invocations
 63654 | Slime:5  | Entered Level 5 of the Pits of Slime
 63667 | Slime:5  | Reached skill level 5 in Translocations
 63667 | Slime:5  | Reached skill level 5 in Invocations
 63891 | Slime:5  | Noticed the Royal Jelly
 64111 | Slime:5  | Gained mutation: You are clumsy. (Dex -2) [a shining eye]
 64366 | Slime:5  | Found a viscous altar of Jiyva.
 64446 | Slime:5  | Gained mutation: Potions are less effective at restoring
                  | your health. [a shining eye]
 64769 | Slime:4  | Gained mutation: You are partially covered in yellow
                  | scales. (AC +2) [a shining eye]
 65674 | Slime:5  | Identified the Tome of Supportive Snow
 65681 | Slime:5  | Identified the Tome of the Traveller and the Oath
 65714 | Slime:5  | Got a slimy rune of Zot
 65857 | Slime:5  | Killed the Royal Jelly
 66180 | Slime:5  | Got a shimmering silver ring
 66181 | Slime:5  | Identified the ring "Wiangit" {*Contam rPois AC+3 Int+4
                  | Dex+3} (You found it on level 5 of the Pits of Slime)
 66714 | Depths:1 | Entered Level 1 of the Depths
 66790 | Depths:1 | Reached XP level 24. HP: 163/163 MP: 41/54
 66811 | Depths:1 | Reached skill level 10 in Translocations
 66811 | Depths:1 | Reached skill level 10 in Invocations
 66869 | Depths:1 | Found Uzusm's Book Emporium.
 66871 | Depths:1 | Found Qikenaath's Antique Armour Emporium.
 66871 | Depths:1 | Found Vonugoj's Gadget Shoppe.
 66874 | Depths:1 | Found Iliyraza's Armour Shoppe.
 67230 | Depths:1 | Found a one-way gate to the infinite horrors of the Abyss.
 67237 | Depths:1 | Noticed Louise
 67241 | Depths:1 | Killed Louise
 67685 | Depths:2 | Identified the cursed +1 morningstar of Contradiction
                  | {antimagic, rN+}
 67722 | Depths:2 | Identified the amulet "Xediygy" {+Rage rF+}
 67971 | Depths:2 | Identified the Volume of Ignition and Conjuration
 68297 | Depths:2 | Found a runed translucent gate.
 68572 | Depths:2 | Noticed Xerdoz's ghost (veteran OpTm)
 68573 | Depths:2 | Found a runed translucent gate.
 68574 | Depths:2 | Found a runed translucent gate.
 68577 | Depths:2 | Noticed an ancient lich
 68668 | Depths:2 | Killed an ancient lich
 68674 | Depths:2 | Killed Xerdoz's ghost
 68992 | Depths:3 | Found a shimmering altar of Xom.
 69239 | Depths:3 | Noticed a juggernaut
 69245 | Depths:3 | Killed a juggernaut
 69250 | Depths:3 | Identified the ring "Xeilotugo" {+Fly MR+ Slay+3}
 69258 | Depths:3 | Found a runed translucent gate.
 69258 | Depths:3 | Found a runed translucent gate.
 69258 | Depths:3 | Found a runed translucent gate.
 69274 | Depths:3 | Voluntarily entered the Abyss.
 69511 | Abyss:1  | Reached XP level 25. HP: 117/172 MP: 31/54
 69811 | Abyss:1  | Reached skill level 15 in Translocations
 70131 | Abyss:1  | Reached skill level 1 in Armour
 70225 | Depths:3 | Escaped the Abyss
 70604 | Depths:3 | Found a runed translucent gate.
 70606 | Depths:3 | Noticed Tishrotz's ghost (adept TrWr)
 70607 | Depths:3 | Noticed Bai Suzhen
 70764 | Depths:3 | Killed Bai Suzhen
 70900 | Depths:2 | Killed Tishrotz's ghost
 70944 | Depths:1 | Bought a manual of Armour for 1876 gold pieces
 71026 | Depths:3 | Reached skill level 5 in Armour
 71501 | Depths:3 | Found a runed translucent door.
 71527 | Depths:3 | Reached XP level 26. HP: 180/180 MP: 43/54
 71579 | Depths:3 | Found a gateway to a ziggurat.
 71580 | Depths:3 | Got a bloodstained hat
 71582 | Depths:3 | Identified the +0 hat "Xanuet" {rElec rPois rF+++ Str-5}
                  | (You found it on level 3 of the Depths)
 71586 | Depths:3 | Lost mutation: You are clumsy. (Dex -2) [potion of
                  | mutation]
 71586 | Depths:3 | Lost mutation: Your body sometimes deteriorates upon taking
                  | damage. [potion of mutation]
 71586 | Depths:3 | Gained mutation: Armour fits poorly on your strangely
                  | shaped body. [potion of mutation]
 71586 | Depths:3 | Gained mutation: You are resistant to electric shocks.
                  | (rElec) [potion of mutation]
 71586 | Depths:3 | Gained mutation: Your flesh is heat resistant. (rF+)
                  | [potion of mutation]
 71591 | Depths:3 | Gained mutation: You are dopey. (Int -2) [mutagenic glow]
 71592 | Depths:3 | Lost mutation: You are dopey. (Int -2) [potion of mutation]
 71592 | Depths:3 | Lost mutation: Your flesh is heat resistant. (rF+) [potion
                  | of mutation]
 71592 | Depths:3 | Lost mutation: Armour fits poorly on your strangely shaped
                  | body. [potion of mutation]
 71592 | Depths:3 | Gained mutation: You are mostly covered in yellow scales.
                  | (AC +3) [potion of mutation]
 71592 | Depths:3 | Gained mutation: You are completely covered in yellow
                  | scales. (AC +4, rCorr) [potion of mutation]
 71641 | Depths:3 | Gained mutation: Your magical capacity is low. (-10% MP)
                  | [mutagenic glow]
 71671 | Depths:3 | Lost mutation: Your magical capacity is low. (-10% MP)
                  | [potion of mutation]
 71671 | Depths:3 | Lost mutation: You are resistant to electric shocks.
                  | (rElec) [potion of mutation]
 71671 | Depths:3 | Gained mutation: You are frail. (-10% HP) [potion of
                  | mutation]
 71671 | Depths:3 | Gained mutation: Your spells are a little harder to cast,
                  | but a little more powerful. [potion of mutation]
 71672 | Depths:3 | Lost mutation: You are frail. (-10% HP) [potion of
                  | mutation]
 71672 | Depths:3 | Gained mutation: You tend to lose your temper in combat.
                  | [potion of mutation]
 71672 | Depths:3 | Gained mutation: You have sharp toenails. [potion of
                  | mutation]
 72105 | Depths:4 | Reached skill level 10 in Armour
 72308 | Depths:4 | Got a steaming robe
 72309 | Depths:4 | Identified the cursed +0 robe of Whack-A-Mole {rElec MR+
                  | Regen+} (You found it on level 4 of the Depths)
 72387 | Depths:4 | Identified the Guide on the Flamy Frostbite
 72466 | Depths:4 | Got a glittering ivory ring
 72467 | Depths:4 | Identified the ring of Incredulity {Wiz Int+2} (You found
                  | it on level 4 of the Depths)
 72795 | Depths:4 | Got a crystal flail
 72798 | Depths:4 | Identified the +3 flail "Gaum" {crush, *Drain rC+ rN+
                  | Str+4} (You found it on level 4 of the Depths)
 73026 | Depths:5 | Entered Level 5 of the Depths
 73112 | Depths:5 | Reached skill level 1 in Conjurations
 73493 | Depths:5 | Reached XP level 27. HP: 140/186 MP: 45/54
 73697 | Depths:5 | Reached skill level 5 in Conjurations
 74398 | Depths:5 | Found a gate to the Realm of Zot.
 74567 | Zig:1    | Entered Level 1 of a ziggurat
 74584 | Zig:2    | Entered Level 2 of a ziggurat
 74610 | Zig:3    | Entered Level 3 of a ziggurat
 74638 | Zig:4    | Entered Level 4 of a ziggurat
 74703 | Zig:5    | Entered Level 5 of a ziggurat
 74763 | Zig:6    | Entered Level 6 of a ziggurat
 74800 | Zig:6    | Identified the Volume of Helpful Weightlessness
 74831 | Zig:7    | Entered Level 7 of a ziggurat
 74840 | Zig:7    | Reached skill level 10 in Conjurations
 74862 | Zig:7    | Got a steaming dagger
 74863 | Zig:7    | Identified the +2 dagger of Agodia Ywkix {pierce, rN+
                  | Dex+4} (You found it on level 7 of a ziggurat)
 74892 | Zig:8    | Entered Level 8 of a ziggurat
 75034 | Zig:8    | Identified Qumusae's Collected Works on Transmigration and
                  | Snow
 75082 | Zig:9    | Entered Level 9 of a ziggurat
 75285 | Zig:9    | Got an encrusted cloak
 75288 | Zig:9    | Got a citrine-encrusted ring mail
 75291 | Zig:9    | Identified the +1 cloak of Sin {rC+ Dex+3} (You found it on
                  | level 9 of a ziggurat)
 75313 | Zig:9    | Identified the +1 ring mail "Teonu" {+Fly rF+ rN+ SInv}
                  | (You found it on level 9 of a ziggurat)
 75330 | Zig:10   | Entered Level 10 of a ziggurat
 75339 | Zig:10   | Reached skill level 26 in Spellcasting
 75354 | Zig:10   | Identified the Volume of Sinister Orientation
 75381 | Zig:11   | Entered Level 11 of a ziggurat
 75390 | Zig:11   | Noticed Zugefi the pandemonium lord
 75392 | Zig:11   | Noticed Ygesman the pandemonium lord
 75406 | Zig:11   | Demolished by Zugefi the pandemonium lord

Levels and vault maps discovered:
D:1:      lemuel_arrival_muddy, layout_loops_ring, st_stairs_8,
          chequers_serial_rivers_room_b
D:2:      layout_loops_ring, grunt_temple_overflow_holy_war,
          nrook_loot_triangle, hangedman_decor_slide_cut, uniq_sigmund
D:3:      layout_loops_ring, chequers_ecumenical_altar_island,
          ebering_ghost_reflecting_pool, portal_sewer_entry_e, minivault_27,
          uniq_terence
D:4:      layout_loops_ring, ashenzari_conservatory_becter,
          makhleb_blood_cavern_becter, serial_shops, kennysheep_little_box,
          first_ration, minmay_lizard_king, uniq_blork_the_orc
D:5:      layout_loops_ring, nemelex_xobeh_ov_fountains_minmay,
          minmay_temple_entry_fiery
D:6:      minmay_octagon_keep, layout_cave_pools, lemuel_doored_altar,
          nicolae_ru_path_of_blood, uniq_edmund
D:7:      minmay_evil_eye, layout_basic, nicolae_overflow_hidden_temple,
          grunt_ogre_cave
D:8:      layout_basic, lair_entry_dummy, serial_shops, shop, minmay_shop_chei,
          uniq_pikel, uniq_prince_ribbit1
D:9:      layout_stronghold, nicolae_qazlal_style_of_elements,
          kennysheep_okawaru_gauntlet, uniq_erica, uniq_erolcha
D:10:     layout_long_grid, nicolae_trove_entry_path_of_doom
D:11:     minmay_stone_box, layout_loops_cross, small_statue_intersection,
          sword_in_stone, uniq_psyche
D:12:     layout_irregular_city, orc_0_dummy, serial_shops,
          nicolae_shop_temple_entry_statues_fountains, grunt_decor_arrowhead,
          minmay_guarded_unrand_finisher, uniq_azrael
D:13:     layout_roguey, gauntlet_entry_generic, uniq_urug
D:14:     layout_basic, grunt_vaults_entry_tiered,
          minmay_staircase_statues_hall_small
D:15:     grunt_enter_depths_hoard, layout_irregular_city, cheibriados_altar_1
Temple:   jpeg_temple_alley_garden
Lair:1:   layout_gridlike
Lair:2:   layout_misc_corridors, cheibrodos_lair_lostbears, grunt_megastairs_2
Lair:3:   layout_gridlike
Lair:4:   layout_small_grid, minmay_shoals_entry_lonely_mermaid,
          dummy_snake_entry, grunt_forest_stairs_basic, serial_bayou_shore_b
Lair:5:   layout_loops_ring, minivault_24, serial_bayou_shore_b, uniq_kirke
Lair:6:   evil_forest, layout_regular_city, dpeg_slime_entry_corner,
          serial_bayou_shore_a, lemuel_fruit_fields, lemuel_fruit_tree
Shoals:1: cheibrodos_shoals_baths, layout_shoals
Shoals:2: layout_shoals, minmay_shop_enchanted_jewellery,
          nicolae_shoals_cliffside_cave
Shoals:3: layout_shoals, uniq_polyphemus, uniq_jorgrun
Shoals:4: shoals_end_hangedman, layout_shoals
Snake:1:  layout_layer_cave
Snake:2:  layout_layer_cave, minmay_shop_star, uniq_roxanne, uniq_vashnia
Snake:3:  layout_layer_cave, portal_ice_cave_entry_frozen_things,
          ebering_ghost_disaster_area
Snake:4:  grunt_snake_rune_serpentine_throne, layout_cave_shapes,
          gammafunk_ghost_arena, grunt_ministairs_3
Slime:1:  layout_caves
Slime:2:  layout_caves
Slime:3:  layout_caves
Slime:4:  layout_caves
Slime:5
Orc:1:    layout_caves, gammafunk_ghost_cemetery
Orc:2:    pf_orc_diabolical, layout_caves, gammafunk_ghost_necromancy,
          serial_shops, shop
Elf:1:    eino_elf_arrival_sip, layout_geoelf_grid, special_room
          [special_room_mythical_zoo], minmay_elf_sorcery,
          minmay_misc_feat_alley, grunt_ministairs_14
Elf:2:    layout_rooms, uniq_asterion
Elf:3:    minmay_elf_hall_statues, layout_loops_ring, serial_shops,
          bzr_entry_water, nicolae_alphabet_shops, serial_sigils_hangedman_snap
Vaults:1: v_alt_pattern_5, hangedman_vaults_pinch, nicolae_vaults_asterisk,
          vaults_room_corners, ontoclasm_vaults_loading_screen,
          nicolae_vaults_twisting_passages, grunt_vaults_focal,
          ontoclasm_vaults_gateway, nicolae_vaults_network_quinsquares
          [nicolae_vaults_network_quincunx_subvault,
          nicolae_vaults_network_quincunx_subvault,
          nicolae_vaults_network_quincunx_subvault,
          nicolae_vaults_network_quincunx_subvault],
          nicolae_vaults_network_periphery, v_alt_pattern_1,
          layout_vaults_maze_snakey, serial_shops, shop
Vaults:2: ontoclasm_vaults_shuriken, v_rooms_6, v_misc_22,
          hangedman_vaults_corner, v_misc_28, hangedman_vaults_locks,
          vaults_room_guarded_vault, hangedman_vaults_cutoff,
          nicolae_vaults_network_square, nicolae_vaults_little_squares_1,
          ontoclasm_vaults_pinch, vaults_room_hallway,
          grunt_vaults_hallway_short, vaults_room_hallway,
          layout_vaults_omnicross, uniq_mennas, uniq_donald
Vaults:3: st_eye, vaults_mumra_hex, vaults_mumra_minichess_inversion,
          nicolae_vaults_little_squares_6, blue_anna_dwarven_crypt,
          ontoclasm_vaults_eye, nicolae_vaults_mini_display_case,
          layout_vaults_omnigrid
Vaults:4: v_misc_1, v_misc_13, v_rooms_6, kb_rosetta, hangedman_vaults_cutoff,
          v_misc_3, vaults_room_door_hall, nicolae_vaults_yaktaur_gun_rack,
          v_alt_pattern_3, ontoclasm_vaults_decontamination,
          layout_vaults_big_room, uniq_frederick, uniq_aizul
Vaults:5: serial_shops
Depths:1: layout_cave_shapes, hell_entry, rand_demon_pan_entry_8,
          nicolae_abyss_entry_one_way_or_another, kennysheep_cross_room,
          kennysheep_path_1, kennysheep_decorative_pillar,
          hangedman_abyss_or_decor_passed, kilobyte_mutagenic_chamber,
          minmay_shoptagon, serial_bayou_shore_b
Depths:2: minmay_the_grid_3x3 [minmay_the_grid_dragon_b, minmay_the_grid_x,
          minmay_the_grid_gridbox, minmay_the_grid_rooms,
          minmay_the_grid_diamond_grid, minmay_the_grid_armoury,
          minmay_the_grid_large_cup, minmay_the_grid_dragon_a,
          minmay_the_grid_prize_trominoes], layout_cross,
          gammafunk_ghost_necromancy, hell_entry
Depths:3: minmay_sliced_demisemicircle, layout_small_grid, enter_ziggurat_a,
          serial_bayou_pond_b, ploomutoo_gammafunk_ghost_potion_laboratory,
          grunt_pan_entry_spiral, abyss_entry, hell_entry, tgw_xom,
          minmay_staircase_windowed_small, serial_bayou_shore_b, uniq_bai_suzhen
Depths:4: abrahamwl_protected_by_tso_1, layout_gridlike, abyss_entry,
          pf_hell_entry_tar_river
Depths:5: evilmike_zot_entry_gauntlet, layout_basic,
          hangedman_abyss_entry_splay, hell_entry, pan_entry
Zig:11

Skill      XL: |  1  2  3  4  5  6  7  8  9 10 11 12 13 14 15 16 17 18 19 20 21 22 23 24 25 26 27 |
---------------+----------------------------------------------------------------------------------+-----
Fighting       | 1 2 3 4 5 6 8 10 11 12 14 15 16 17 19 20 21 22 23 | 23.4
Earth Magic    | 4 5 6 7 8 9 11 12 13 14 17 19 21 23 24 | 24.6
Spellcasting   | 4 5 6 8 9 11 12 14 15 16 18 19 21 22 23 24 25 26 | 26.2
Necromancy     | 5 8 10 | 10.5
Dodging        | 7 11 15 16 17 | 17.1
Translocations | 9 14 15 | 15.1
Invocations    | 9 14 | 14.5
Armour         | 9 12 | 12.0
Conjurations   | 4 12 | 12.0
Stealth        | |  2.4
Transmutations | |  1.1

Action                   |  1- 3 |  4- 6 |  7- 9 | 10-12 | 13-15 | 16-18 | 19-21 | 22-24 | 25-27 || total
-------------------------+-------+-------+-------+-------+-------+-------+-------+-------+-------++-------
Melee: Unarmed           |    14 |       |       |       |       |       |       |       |       ||    14
       Dagger            |    67 |   139 |   137 |    90 |   168 |       |       |       |       ||   601
       Whip              |       |       |       |    59 |       |       |       |       |       ||    59
       Staff             |       |       |       |       |       |    11 |    37 |    15 |    29 ||    92
Throw: Stone             |       |       |       |     3 |     1 |     7 |     4 |     5 |     6 ||    26
 Cast: Sandblast         |    21 |    56 |    58 |    91 |   177 |    62 |    57 |     5 |    17 ||   544
       Stone Arrow       |       |       |    58 |   124 |   375 |     9 |     9 |       |     4 ||   579
       Lee's Rapid Decon |       |       |     8 |    64 |   144 |    58 |   122 |    68 |    32 ||   496
       Petrify           |       |       |       |     4 |     6 |     6 |       |     4 |       ||    20
       Bolt of Magma     |       |       |       |     5 |    24 |       |       |       |       ||    29
       Blink             |       |       |       |       |    12 |    10 |     8 |    19 |     8 ||    57
       Iron Shot         |       |       |       |       |    20 |   308 |   149 |   295 |   181 ||   953
       Shatter           |       |       |       |       |       |    55 |    94 |   106 |    55 ||   310
       Sublimation of Bl |       |       |       |       |       |       |    40 |    55 |    40 ||   135
 Abil: Stop Flying       |       |       |       |     1 |     1 |     2 |       |       |       ||     4
       Evoke Flight      |       |       |       |       |     1 |     2 |       |       |       ||     3
Evoke: Wand              |       |       |     6 |    53 |    47 |     4 |    14 |     1 |    15 ||   140
       Lamp of fire      |       |       |       |     1 |     1 |     2 |     2 |     1 |     1 ||     8
       Phial of floods   |       |       |       |       |       |     3 |     1 |     1 |       ||     5
       Phantom mirror    |       |       |       |       |       |     1 |       |       |       ||     1
       Lightning rod     |       |       |       |       |       |       |       |       |     4 ||     4
       Box of beasts     |       |       |       |       |       |       |       |       |     2 ||     2
  Use: Potion            |       |     1 |       |     2 |     1 |    11 |     9 |     1 |    10 ||    35
       Scroll            |       |       |    11 |    13 |    11 |    14 |    16 |    21 |    11 ||    97
 Stab: Sleeping          |     9 |     5 |     6 |     3 |     6 |       |     1 |       |       ||    30
       Distracted        |       |     1 |       |       |     1 |       |       |       |     1 ||     3
       Petrified         |       |       |       |     3 |       |       |       |       |       ||     3
       Petrifying        |       |       |       |     1 |       |       |       |       |       ||     1
  Eat: Chunk             |     2 |     8 |    15 |    21 |    45 |    27 |    19 |     5 |     6 ||   148
       Ration            |       |       |       |     3 |     2 |    10 |     4 |    10 |     6 ||    35
Armor: Robe              |    22 |    40 |    40 |    76 |   150 |    72 |    38 |    37 |    73 ||   548
       Skin              |       |       |       |    17 |       |       |       |       |       ||    17
Dodge: Dodged            |    75 |   130 |   131 |   191 |   351 |   122 |   108 |   281 |   242 ||  1631
